cohdb
Replays
Latest Replays
All Replays
Popular Replays
Top Player Replays
Match Explorer
How It Works
Community
CoH3 Stats
Reddit
Sign in to upload your games and track your stats! →
Sign in with Steam
Match 41619661
Unlisted
Match 41619661
Overview
Messages
Build Orders
End
Selects Armored Battlegroup
Selects Assault Engineers
Engineer Squad
Construct Weapon Support Center
Assault Engineer Squad
M1919 Machine Gun Team
Bazooka Squad
M1919 Machine Gun Team
Assault Engineer Squad
Mechanized Support Center
Bazooka Squad
Assault Engineer Squad
Construct Motor Pool
M8 Greyhound Armored Car
M1919 Machine Gun Team
Assault Engineer Squad
lem22
1Tap.com
jhc0928d
Quejour
Elan
Waffen-YT
0
0
Comments
sign in to comment!
No comments posted yet!